 Dungeon Crawl Stone Soup version 0.21.1-1-g345015f (webtiles) character file.

3044 rgaf the Carver (level 10, -6/56 HPs)
             Began as a Kobold Gladiator on June 28, 2018.
             Mangled by a komodo dragon (10 damage)
             ... on level 8 of the Dungeon.
             The game lasted 00:10:13 (8455 turns).

rgaf the Carver (Kobold Gladiator)                  Turns: 8455, Time: 00:10:14

Health: -6/56      AC: 13    Str: 15    XL:     10   Next: 11%
Magic:  19/19      EV: 15    Int: 10    God:
Gold:   402        SH:  0    Dex: 16    Spells: 9/9 levels left

rFire    . . .     SeeInvis .   a - +0 long sword
rCold    + . .     Gourm    .   (shield restricted)
rNeg     . . .     Faith    .   j - +4 ring mail "Ymoqanoa" {*Slow +Blink rC+}
rPois    .         Spirit   .   c - +0 helmet
rElec    .         Reflect  .   B - +1 cloak
rCorr    .         Harm     .   (no gloves)
MR       .....                  e - +0 pair of boots
Stlth    +.........             (no amulet)
HPRegen  0.18/turn              x - ring of magical power
MPRegen  0.16/turn              (no ring)

@: very slightly contaminated
A: small, carnivore
a: Evoke Blink


You were on level 8 of the Dungeon.
You were completely stuffed.

You visited 2 branches of the dungeon, and saw 9 of its levels.

You collected 402 gold pieces.

Inventory:

Hand Weapons
 a - a +0 long sword (weapon)
 y - a +2 dagger of draining
Missiles
 d - 3 throwing nets (quivered)
 g - 47 bolts
Armour
 c - a +0 helmet (worn)
 e - a +0 pair of boots (worn)
 j - the +4 ring mail "Ymoqanoa" (worn) {*Slow +Blink rC+}
   (You found it on level 4 of the Dungeon)

   It protects you from cold.
   It lets you blink.
   It may slow you when you take damage.
 B - a +1 cloak (worn)
Jewellery
 v - an uncursed ring of poison resistance {unknown}
 x - a ring of magical power (left hand)
Wands
 b - a wand of digging (17)
Scrolls
 h - a scroll of identify
 k - 8 scrolls of teleportation
 l - a scroll of immolation
 m - a scroll of fog
 n - 2 scrolls of remove curse
 s - a scroll of amnesia
 z - 2 scrolls of enchant armour
 A - a scroll of random uselessness
Potions
 i - a potion of ambrosia
 r - 2 potions of curing
 t - 4 potions of brilliance
 w - 2 potions of mutation
 C - a potion of resistance
Comestibles
 f - 15 rations


   Skills:
 + Level 3.0 Fighting
 + Level 11.1 Long Blades
 - Level 2.1 Throwing
 + Level 1.2 Armour
 + Level 4.2 Dodging


You had 9 spell levels left.
You didn't know any spells.

Dungeon Overview and Level Annotations

Branches:
Dungeon (8/15)             Temple (1/1) D:5            Lair (0/6) D:8

Altars:
Cheibriados
Elyvilon
Fedhas
Gozag
Hepliaklqana
Kikubaaqudgha
Makhleb
Nemelex Xobeh
Qazlal
Ru
Sif Muna
Trog
Uskayaw
Yredelemnul
Zin
The Shining One

Annotations:
D:3 Demiham's ghost, novice HaAK
D:8 Ooooooops's ghost, novice DrFi


Innate Abilities, Weirdness & Mutations

You are small and have problems with some larger weapons.
You are carnivorous and can eat meat at any time.


Message History

You slash the komodo dragon!
The komodo dragon is almost dead.
The komodo dragon bites you.
You hit the komodo dragon.
The komodo dragon is almost dead.
The komodo dragon bites you!
* * * LOW HITPOINT WARNING * * *
You hit the komodo dragon but do no damage.
The komodo dragon is almost dead.
Your ring mail "Ymoqanoa" prevents you from hitting the komodo dragon.
The komodo dragon is almost dead.
The komodo dragon misses you.
You riposte.
You barely miss the komodo dragon.
The komodo dragon is almost dead.
You hit the komodo dragon.
The komodo dragon is almost dead.
The komodo dragon barely misses you.
You hit the komodo dragon but do no damage.
The komodo dragon is almost dead.
The komodo dragon bites you!
You die...

#....$....#
*****
#.........#
#.........#
#....(....#
#........?#
#.........#
#.........# ###
#.....l...# #<#
#....@...(# #.#
#.........#
#.#######'#####
#.........#
###########


You could see a komodo dragon.

Vanquished Creatures
  Pikel (D:7)
  Joseph (D:7)
  A hippogriff (D:8)
  Menkaure (D:5)
  Duvessa (D:7)
  2 ice beasts
  2 phantoms
  2 sky beasts
  2 centaurs
  4 bullfrogs
  Dowan (D:7)
  A scorpion (D:5)
  A wyvern skeleton (D:6)
  A howler monkey (D:7)
  A bullfrog zombie (D:6)
  A jelly (D:5)
  3 hounds
  A bullfrog skeleton (D:4)
  2 orc priests
  Crazy Yiuf (D:5)
  4 orc wizards
  An iguana (D:7)
  6 worker ants
  A killer bee zombie (D:8)
  2 hound zombies
  2 adders (D:2)
  A gnoll (D:1)
  A howler monkey skeleton (D:7)
  3 shadow imps
  2 worms (D:2)
  4 dart slugs
  5 leopard geckos
  10 orcs
  8 giant cockroaches
  7 goblins
  4 hobgoblins
  17 jackals
  A quokka (D:3)
  2 ball pythons
  9 bats
  5 frilled lizards
  14 kobolds
  7 rats
146 creatures vanquished.

Vanquished Creatures (others)
  2 slaves (D:7)
  A bullfrog (D:7)
  2 howler monkeys (D:7)
  A worker ant (D:7)
  An orc wizard (D:6)
  3 orcs (D:7)
  A giant cockroach (D:7)
  2 plants (D:8)
13 creatures vanquished.

Grand Total: 159 creatures vanquished

Notes
Turn   | Place    | Note
-------+----------+-------------------------------------------
     0 | D:1      | rgaf the Kobold Gladiator began the quest for the Orb.
     0 | D:1      | Reached XP level 1. HP: 12/12 MP: 1/1
   183 | D:1      | Reached XP level 2. HP: 17/17 MP: 2/2
   185 | D:1      | Reached skill level 3 in Long Blades
   275 | D:1      | Reached XP level 3. HP: 11/21 MP: 3/3
   912 | D:2      | Reached XP level 4. HP: 25/26 MP: 4/4
   918 | D:2      | Found a stormy altar of Qazlal.
   939 | D:2      | Found a blossoming altar of Fedhas.
   970 | D:2      | Reached skill level 4 in Long Blades
  1831 | D:3      | Reached XP level 5. HP: 30/30 MP: 5/5
  2069 | D:3      | Found a glowing golden altar of the Shining One.
  2089 | D:3      | Found a basalt altar of Yredelemnul.
  2090 | D:3      | Noticed Demiham's ghost (novice HaAK)
  2862 | D:4      | Noticed a phantom
  2868 | D:4      | Killed a phantom
  2868 | D:4      | Reached skill level 5 in Long Blades
  2868 | D:4      | Reached XP level 6. HP: 31/35 MP: 6/6
  3685 | D:4      | Got a transparent ring mail
  3693 | D:5      | Entered Level 5 of the Dungeon
  3704 | D:5      | Identified the +4 ring mail "Ymoqanoa" {*Slow +Blink rC+} (You found it on level 4 of the Dungeon)
  3769 | D:5      | Noticed Menkaure
  3787 | D:5      | Killed Menkaure
  3787 | D:5      | Reached skill level 6 in Long Blades
  3787 | D:5      | Reached XP level 7. HP: 40/40 MP: 7/7
  4067 | D:5      | Found a runed door.
  4230 | D:5      | Found a bloodstained altar of Trog.
  4236 | D:5      | Reached skill level 7 in Long Blades
  4674 | D:5      | Found a white marble altar of Elyvilon.
  4689 | D:5      | Found a staircase to the Ecumenical Temple.
  4698 | Temple   | Entered the Ecumenical Temple
  4896 | D:5      | Reached XP level 8. HP: 38/44 MP: 8/8
  5151 | D:5      | Noticed Crazy Yiuf
  5159 | D:5      | Killed Crazy Yiuf
  5767 | D:6      | You fall through a shaft!
  5770 | D:7      | Reached skill level 8 in Long Blades
  5833 | D:7      | Noticed Joseph
  5850 | D:7      | Noticed Duvessa
  5853 | D:7      | Noticed Dowan
  5861 | D:7      | Noticed Pikel
  5864 | D:7      | Killed Joseph
  5871 | D:7      | Killed Duvessa
  5871 | D:7      | Reached skill level 9 in Long Blades
  5881 | D:7      | Killed Pikel
  5881 | D:7      | Reached XP level 9. HP: 26/48 MP: 9/9
  5897 | D:7      | Killed Dowan
  5897 | D:7      | Reached skill level 10 in Long Blades
  7380 | D:7      | Found an ancient bone altar of Kikubaaqudgha.
  7928 | D:8      | Reached skill level 11 in Long Blades
  8010 | D:8      | Reached XP level 10. HP: 53/54 MP: 10/10
  8092 | D:8      | Reached skill level 1 in Armour
  8120 | D:8      | Noticed Ooooooops's ghost (novice DrFi)
  8423 | D:8      | Noticed a komodo dragon
  8455 | D:8      | Mangled by a komodo dragon

Skill      XL: |  1  2  3  4  5  6  7  8  9 10 |
---------------+-------------------------------+-----
Long Blades    | 3 4 5 6 7 9 11 | 11.1
Dodging        | 4 |  4.2
Fighting       | 3 |  3.0
Armour         | 1 |  1.2
Throwing       | |  2.1

Action                   |  1- 3 |  4- 6 |  7- 9 | 10-12 || total
-------------------------+-------+-------+-------+-------++-------
Melee: Long sword        |    76 |   224 |   293 |    46 ||   639
Evoke: Wand              |       |     2 |     2 |       ||     4
  Use: Scroll            |       |    11 |     6 |       ||    17
       Potion            |       |     1 |     5 |     1 ||     7
 Stab: Sleeping          |     1 |       |       |       ||     1
       Invisible         |       |       |       |     4 ||     4
  Eat: Chunk             |     2 |    14 |    16 |     1 ||    33
Armor: Leather armour    |    26 |       |       |       ||    26
       Scale mail        |     3 |    72 |       |       ||    75
       Chain mail        |       |    14 |       |       ||    14
       Skin              |       |     5 |       |       ||     5
       Ring mail         |       |     2 |   120 |    12 ||   134
Dodge: Dodged            |    89 |   153 |   203 |    41 ||   486
       Rpst.: Long sword |    31 |    43 |    64 |    12 ||   150
